 Dungeon Crawl Stone Soup version 0.10.0-32-gfa280cc character file.

2427405 1renicus the Cryomancer (level 27, 213/213 HPs)
             Began as a Vampire Ice Elementalist on Apr 23, 2012.
             Was the Champion of Sif Muna.
             Escaped with the Orb
             ... and 5 runes on Apr 28, 2012!
             The game lasted 19:44:57 (115332 turns).

1renicus the Cryomancer (VpIE)                    Turns: 115332, Time: 19:44:57

HP 213/213       AC 28     Str  8      XL: 27
MP  32/46        EV 13     Int 21 (25) God: Sif Muna [******]
Gold 7690        SH 14     Dex 14      Spells: 12 memorised,  6 levels left

Res.Fire  : + + +   See Invis. : +   D - staff of wizardry
Res.Cold  : + + .   Warding    : . . j - +2 robe {rF+}
Life Prot.: + + +   Conserve   : .   S - +3 elf buckler {AC+3}
Res.Acid. : . . .   Res.Corr.  : .   K - +2 helmet
Res.Poison: +       Clarity    : +   s - +0 cloak "Twereof" {rF+}
Res.Elec. : +       Spirit.Shd : .   v - +2 pair of elf gloves
Sust.Abil.: + .     Stasis     : .   w - +0 pair of boots of Hadjma {+Lev rElec rPo Res.Mut. : . Ctrl.Telep.: x z - amulet of clarity Res.Rott. : + Levitation : . g - ring of sustain abilities Saprovore : . . . Ctrl.Flight: . H - ring of protection from fire

@: icy armour, non-regenerating, very resistant to hostile enchantments,
unstealthy
A: bottle blood, fangs 3, see invisible, unbreathing, AC +1
a: Bat Form, Bottle Blood, Channel Energy, Forget Spell, Renounce Religion,
Evoke Levitation
}: 5/15 runes: decaying, serpentine, slimy, silver, abyssal


You escaped.
You worshipped Sif Muna.
Sif Muna was exalted by your worship.
You were bloodless.

You visited 13 branches of the dungeon, and saw 87 of its levels.
You visited the Abyss 1 time.
You visited 1 Labyrinth.
You visited 1 portal chamber: ice cave.

You collected 8223 gold pieces.
You spent 553 gold pieces at shops.

Inventory:

Armour
 j - a +2 robe of fire resistance (worn)
 s - the +0 cloak "Twereof" (worn) {rF+}
   (You found it on level 18 of the Dungeon)

   It protects you from fire.
 v - a +2 pair of elven gloves (worn)
 w - the +0 pair of boots of Hadjma (worn) {+Lev rElec rPois}
   (You found it on level 6 of the Pits of Slime)

   It insulates you from electricity.
   It protects you from poison.
   It lets you levitate.
 K - a +2 helmet (worn)
 S - a +3 elven buckler of protection (worn)
Magical devices
 n - a wand of hasting (2)
 o - a wand of heal wounds (4)
 q - a wand of teleportation (6)
 C - a wand of hasting (8)
Scrolls
 l - 2 scrolls of identify
 m - 2 scrolls of remove curse
Jewellery
 b - the ring "Gucziong" {MP+9 Int+4}
   (You found it on level 8 of the Vaults)

   [ring of magical power]

   It affects your intelligence (+4).
 g - a ring of sustain abilities (right hand)
 r - an uncursed amulet of resist corrosion
 z - an amulet of clarity (around neck)
 A - an uncursed amulet of resist mutation
 F - the ring "Thrusk" {MUT rF+ MR SInv}
   (You found it on level 5 of the Elven Halls)

   [ring of protection from fire]

   It increases your resistance to enchantments.
   It enhances your eyesight.
   It emits mutagenic radiation.
 G - an uncursed ring of sustain abilities
 H - a ring of protection from fire (left hand)
Potions
 d - 2 potions of levitation
 k - a potion of blood
 t - a potion of resistance
 u - a potion of invisibility
 B - 2 potions of heal wounds
 J - a potion of brilliance
 N - 2 potions of might
 Q - a potion of speed
 U - 4 potions of curing
Books
 E - Sif Muna's Further Steps in the Arcane Arts {god gift}
   (Sif Muna gifted it to you on level 3 of the Vaults)

   Spells                             Type                      Level
   Poison Arrow                       Conjuration/Poison           6
   Poisonous Cloud                    Conjuration/Poison/Air       6
   Invisibility                       Hexes                        6
   Mass Confusion                     Hexes                        6
   Ozocubu's Refrigeration            Ice                          6
   Demonic Horde                      Summoning                    6
Magical staves
 h - a +2 rod of destruction [fire] (10/10)
   (You found it on level 27 of the Dungeon)
 D - a staff of wizardry (weapon)
Orbs of Power
 a - the Orb of Zot
Miscellaneous
 c - the horn of Geryon
 V - a crystal ball of energy


   Skills:
 + Level 17,1 Fighting
 - Level 0,1 Short Blades
 - Level 2,5 Dodging
 - Level 3,3 Stealth
 - Level 0,3 Stabbing
 - Level 5,1 Shields
 - Level 0,2 Traps & Doors
 - Level 20,0 Spellcasting
 - Level 21,1 Conjurations
 - Level 9,4 Charms
 - Level 9,0 Summonings
 - Level 7,1 Necromancy
 - Level 2,0 Translocations
 + Level 24,2 Ice Magic
 - Level 9,0 Air Magic
 - Level 16,1 Invocations
 + Level 22,9 Evocations


You had 6 spell levels left.
You knew the following spells:

 Your Spells              Type           Power        Failure   Level  Hunger
a - Haste                 Chrm           #######..    3%          6    Honeycomb
b - Ozocubu's Armour      Ice/Chrm       #######...   0%          3    None
c - Summon Ice Beast      Ice/Summ       #######...   1%          4    None
d - Dispel Undead         Necr           #######..    1%          5    None
e - Ice Storm             Ice/Conj       ########..   11%         9    Ration
f - Flight                Air/Chrm       #######...   1%          3    None
g - Deflect Missiles      Air/Chrm       #######...   3%          6    Honeycomb
h - Regeneration          Chrm/Necr      #######...   1%          3    None
t - Blink                 Tloc           N/A          1%          2    None
u - Mass Abjuration       Summ           #######...   3%          6    Honeycomb
w - Bolt of Cold          Ice/Conj       ########..   1%          6    Honeycomb
x - Orb of Destruction    Conj           ########..   1%          7    Honeycomb

Dungeon Overview and Level Annotations

Branches:
Dungeon (27/27)            Temple (1/1) D:6             Orc (4/4) D:6
    Elf (5/5) Orc:3          Lair (8/8) D:13          Swamp (5/5) Lair:4
  Slime (6/6) Lair:6        Snake (5/5) Lair:3        Vault (8/8) D:19
  Blade (0/1) Vault:6       Crypt (5/5) Vault:4        Tomb (0/3) Crypt:3
   Hell (1/1)                 Dis (0/7) Hell            Geh (7/7) Hell
    Coc (0/7) Hell            Zot (5/5) D:27
    Tar: Hell:1

Altars:
Ashenzari
Cheibriados
Elyvilon
Fedhas
Kikubaaqudgha
Makhleb
Nemelex Xobeh
Okawaru
Sif Muna
The Shining One
Trog
Vehumet
Xom
Yredelemnul
Zin
Beogh

Shops:
D:7: * D:10: [ D:12: % D:20: = D:25: ( Orc:3: ( Orc:4: =[?=( Elf:1: * Vault:1: * Vault:4: [

Portals:
Hell: D:21 D:22 D:23 D:24 D:25 D:26 D:27
Abyss: D:23 D:25 D:27
Pan: D:21 D:24 D:26
Trove: Vault:5 (show abyssal rune of Zot)

Annotations
D:25 Margery


Innate Abilities, Weirdness & Mutations

You do not heal naturally.
You can bottle blood from corpses.
You have razor-sharp teeth.*
You have supernaturally acute eyesight.
You can survive without breathing.*
You are partially covered in slimy green scales (AC +1).*


Message History

Press: ? - help, Shift-Dir - straight line, f - large abomination
Aim: a large abomination The blast explodes into a great storm of ice!
The ice storm engulfs the large abomination.
You destroy the large abomination!
You hear a shout!
A goblin comes into view. It is wielding a dagger.
The goblin shouts!
Casting: Ice Storm
Confirm with . or Enter, or press ? or * to list all spells.
Aiming: Ice Storm
Press: ? - help, Shift-Dir - straight line, f - goblin
Aim: a goblin, wielding a dagger The blast explodes into a great storm of ice!
The ice storm engulfs the goblin.
You kill the goblin!
There is a staircase leading out of the dungeon here.
Unknown command.
Are you sure you want to win?
You have escaped!

#.# ###.##.################.....
#.# #.##.#....###########.....
#.# #.........................
#.# ####^#....################
#.# #.#....###########
##.########.#......§§§§§...######
...................§§§§§.........
...########.#....#########.######
...# #.#...@# #.# ...# #.#....#
#.# #### #.#.#### #.#
###########.#.# #.#
........##....# #.#
........##§...# #.#
........##....############.######
........##§....).................
.............(############.######


There were no monsters in sight!

Vanquished Creatures
  the royal jelly (Slime:6)
  4 orbs of fire (Zot:5)
  the Serpent of Hell (Geh:7)
  3 ancient liches
  A pandemonium lord (Zot:5)
  Boris (twice) (Crypt:3 D:25)
  2 Killer Klowns (Zot:5)
  Mara (Snake:5)
  Mennas (Snake:5)
  Geryon (Hell)
  8 golden dragons
  Xtahua (Snake:5)
  2 electric golems (Zot:5)
  10 Brimstone Fiends
  7 liches
  3 quicksilver dragons (Vault:8)
  2 deep elf blademasters (Elf:5)
  20 acid blobs
  4 titans
  24 shadow dragons
  A quicksilver dragon (shapeshifter) (Vault:8)
  12 storm dragons
  18 Orb Guardians (Zot:5)
  An eldritch tentacle (Geh:2)
  5 sphinxes
  Agnes (D:21)
  Frances (Vault:4)
  Roxanne (D:17)
  The ghost of Yermak the Spry, a mighty SpAK of Lugonu (Swamp:5)
  2 draconian monks
  6 ghouls
  4 draconian knights
  8 frost giants
  10 bone dragons
  Wiglaf (Swamp:3)
  Louise (D:19)
  The ghost of moocowmoocow the Bludgeoner, a mighty KoBe of Trog (Snake:3)
  11 fire giants
  Maud (Lair:1)
  2 draconian zealots (Zot:5)
  6 balrugs
  13 tentacled monstrosities
  11 azure jellies
  A quicksilver dragon skeleton (Vault:5)
  2 draconian shifters
  80 stone giants
  6 draconian annihilators
  3 draconian callers (Zot:2)
  A cacodemon (Abyss)
  2 curse skulls
  5 grey draconians
  A Green Death (D:18)
  6 greater nagas (Snake:5)
  2 green draconians
  2 black draconians
  6 purple draconians
  5 yellow draconians
  2 red draconians
  4 white draconians
  4 mottled draconians
  3 anacondas
  7 deep elf death magi (Elf:5)
  2 pale draconians
  7 deep elf annihilators
  A titan zombie (Crypt:5)
  11 ettins
  2 deep elf master archers (Elf:5)
  3 deep elf sorcerers (Elf:5)
  A minotaur (Lab)
  A blizzard demon (Hell)
  2 vampire knights (Crypt:5)
  9 reapers
  An anaconda (shapeshifter) (D:26)
  A great orb of eyes (shapeshifter) (Vault:8)
  2 dragons (shapeshifter)
  2 eidola (Abyss)
  A minotaur (shapeshifter) (Vault:8)
  A siren (Abyss)
  9 dragons
  5 great orbs of eyes
  21 hydras
  72 yaktaur captains
  A siren (shapeshifter) (Vault:8)
  3 golden dragon zombies
  A storm dragon skeleton (Vault:2)
  9 death oozes
  The ghost of Toffiqs the Eclecticist, a powerful SpWz of Sif Muna (D:16)
  30 vault guards
  2 lorocyprocas
  9 ice dragons
  6 death cobs
  6 dancing weapons
  8 deep elf demonologists
  A hydra (shapeshifter) (Vault:8)
  12 ogre magi
  Nessos (Elf:4)
  An anaconda skeleton (Crypt:5)
  A golden dragon skeleton (Geh:1)
  2 iron dragon zombies
  A rakshasa (D:18)
  20 death yaks (Lair:8)
  3 shadow dragon skeletons
  6 deep elf high priests
  20 deep trolls
  5 stone giant zombies
  3 sphinx skeletons
  A hell hog zombie (Hell)
  4 frost giant zombies
  A deep troll (shapeshifter) (Vault:8)
  3 alligators
  A fire giant skeleton (Vault:1)
  10 very ugly things
  16 centaur warriors
  2 frost giant skeletons
  6 iron golems
  11 sun demons
  3 catoblepae (Lair:8)
  A vapour (Vault:4)
  3 orc high priests (D:23)
  A dire elephant zombie (Crypt:5)
  7 hell hogs
  7 soul eaters
  9 stone giant skeletons
  44 deep elf knights
  6 iron trolls
  3 ice devils
  34 hell knights
  3 purple draconian zombies (Crypt:3)
  A sea snake zombie (Crypt:3)
  2 red draconian zombies
  A death yak zombie (Geh:3)
  76 skeletal warriors
  A death drake (shapeshifter) (Vault:8)
  15 large abominations
  16 naga warriors
  A mottled draconian zombie (Zot:5)
  A pale draconian zombie (Crypt:1)
  A giant orange brain (shapeshifter) (Vault:5)
  A swamp dragon (shapeshifter) (D:26)
  11 flayed ghosts
  4 shadow wraiths
  A shadow demon (Abyss)
  2 yellow draconian zombies
  2 unseen horrors
  3 ice statues
  14 necromancers
  A black draconian zombie (Crypt:3)
  17 harpies
  A green draconian skeleton (Crypt:2)
  Pikel (D:8)
  A guardian serpent (shapeshifter) (D:17)
  11 swamp dragons
  A black draconian skeleton (Abyss)
  A grey draconian skeleton (Abyss)
  7 giant amoebae
  5 hellions
  5 hill giants
  2 harpy zombies
  27 orc knights
  A minotaur zombie (Crypt:1)
  2 flaming corpses (Geh:1)
  3 crystal golems (Crypt:5)
  2 wizards
  2 pale draconian skeletons (Abyss)
  A sea snake skeleton (Geh:6)
  2 hydra zombies
  2 death drake zombies
  2 iron troll skeletons
  A giant amoeba (shapeshifter) (D:27)
  3 white draconian skeletons
  Urug (Elf:4)
  A catoblepas zombie (Crypt:2)
  2 guardian serpents (Abyss)
  7 cyclopes
  8 orc sorcerers
  An unseen horror (shapeshifter) (D:25)
  3 shining eyes
  2 shining eyes (shapeshifter) (Vault:8)
  2 griffons
  A spiny worm (D:22)
  A harpy skeleton (Vault:4)
  2 cyclopes (shapeshifter)
  A sixfirhy (Abyss)
  4 red wasps
  A griffon zombie (Abyss)
  3 fire crabs
  4 feature mimics
  Maurice (Elf:2)
  A wolf spider zombie (Geh:2)
  25 black mambas
  An ice dragon zombie (Crypt:2)
  A stone giant simulacrum (Vault:1)
  3 elephant slugs
  11 phantasmal warriors
  2 trapdoor spiders
  An alligator zombie (Crypt:3)
  3 dragon zombies
  15 orange demons
  A griffon skeleton (Geh:2)
  17 moths of wrath
  2 ettin zombies (D:22)
  4 tormentors
  118 slime creatures
  4 ettin skeletons
  2 eyes of devastation (shapeshifter)
  6 spiny frogs
  4 wolf spiders
  125 yaktaurs
  An ice dragon skeleton (Geh:5)
  A black draconian simulacrum (Zot:5)
  3 spiny worm zombies
  A dragon skeleton (Crypt:4)
  A slime creature (shapeshifter) (Vault:8)
  3 hellwings (Abyss)
  2 emperor scorpion zombies
  4 giant firefly zombies
  3 hill giant zombies
  2 iron devils (Hell)
  17 rock trolls
  12 trolls
  22 naga magi
  An elephant (shapeshifter) (Vault:4)
  2 efreeti (Geh:7)
  A mermaid (shapeshifter) (Vault:3)
  4 redbacks
  A rock troll (shapeshifter) (Vault:8)
  2 hill giant skeletons
  4 silent spectres (Crypt:3)
  7 smoke demons (Abyss)
  9 komodo dragons
  A troll (shapeshifter) (Elf:3)
  Sonja (D:10)
  118 ugly things
  6 human zombies
  A polar bear (Lair:3)
  A spriggan skeleton (D:9)
  A spriggan (shapeshifter) (Vault:8)
  An elf zombie (Crypt:3)
  A raven zombie (Crypt:1)
  A spiny frog zombie (Geh:1)
  19 blink frogs
  A baby alligator zombie (Crypt:3)
  A blink frog (shapeshifter) (D:26)
  26 two-headed ogres
  A grizzly bear (shapeshifter) (Elf:2)
  A snapping turtle zombie (Geh:4)
  A brown ooze (shapeshifter) (D:27)
  2 draconian zombies
  2 rock troll skeletons
  7 vampires
  2 elephant zombies (Hell)
  3 demonic crawlers
  A giant firefly (shapeshifter) (D:16)
  17 brown oozes
  A rotting hulk (Crypt:3)
  A snapping turtle skeleton (Crypt:2)
  6 bumblebees
  3 grizzly bears (D:12)
  A swamp dragon zombie (Geh:3)
  6 redback zombies
  6 blue devils (Hell)
  2 hairy devils
  4 golden eyes (Slime:6)
  2 merfolk zombies
  8 metal gargoyles (Hell)
  22 wraiths
  4 basilisks
  2 chaos spawn
  A yak (shapeshifter) (Vault:3)
  80 yaks
  9 ynoxinuls
  A wyvern (D:9)
  A blink frog zombie (Crypt:3)
  11 fire crab zombies
  A merfolk skeleton (Geh:3)
  8 hippogriffs
  3 merfolk (shapeshifter)
  Grum (Elf:4)
  18 deep elf conjurers
  2 hogs (D:12)
  A komodo dragon zombie (Crypt:5)
  29 vampire mosquitoes
  7 hell beasts
  7 hungry ghosts
  18 deep elf summoners
  A steam dragon (D:10)
  A soldier ant (Vault:1)
  A golden eye (shapeshifter) (Vault:8)
  30 deep elf fighters
  6 manticores
  3 fire drakes
  A mermaid zombie (Crypt:3)
  A wyvern zombie (Geh:1)
  Edmund (D:8)
  2 yaktaur zombies
  2 mottled dragons
  3 molten gargoyles (Geh:7)
  3 rock worms
  A giant slug zombie (Abyss)
  A jumping spider (shapeshifter) (Vault:7)
  4 spatial vortices (Geh:5)
  33 necrophages
  18 hell hounds
  An item mimic (D:26)
  8 neqoxecs
  2 jumping spider zombies (Crypt:3)
  A mermaid skeleton (Geh:7)
  28 swamp worms
  16 small abominations
  2 yellow wasps (D:18)
  3 cyclops skeletons
  19 freezing wraiths
  12 war dogs
  2 kobold demonologists (D:27)
  4 bumblebee zombies
  59 orc warriors
  6 sky beasts
  12 deep elf priests
  56 ice beasts
  23 insubstantial wisps
  9 red devils
  2 manticore skeletons (Crypt:2)
  A dwarf (shapeshifter) (Vault:6)
  A rock worm zombie (Geh:2)
  A hippogriff zombie (Geh:4)
  A black bear (D:12)
  7 phantoms
  A queen bee zombie (Crypt:3)
  2 yak zombies
  2 troll zombies
  7 crocodiles
  13 giant goldfish
  86 nagas
  A war dog zombie (Crypt:1)
  A grizzly bear zombie (Geh:3)
  17 centaurs
  A grizzly bear skeleton (Geh:4)
  45 ogres
  10 rotting devils
  17 swamp drakes
  7 boring beetles
  2 draconians (shapeshifter)
  5 lava worms (Geh:3)
  A wolf zombie (Crypt:3)
  A brain worm (Abyss)
  2 war dog skeletons (Crypt:1)
  2 giant leeches
  10 giant slugs
  A tarantella (shapeshifter) (D:27)
  17 wargs
  A hippogriff skeleton (Crypt:5)
  27 water moccasins
  A yellow wasp zombie (D:27)
  4 two-headed ogre zombies
  A wolf (D:12)
  A giant frog zombie (Crypt:1)
  A giant frog (shapeshifter) (D:27)
  A giant slug (shapeshifter) (D:26)
  2 basilisk zombies
  A boring beetle zombie (Crypt:1)
  A wolf skeleton (Geh:5)
  2 black bear zombies
  7 big kobolds (Elf:4)
  24 giant frogs
  5 agate snails
  A cyclops simulacrum (Abyss)
  2 water moccasin skeletons
  27 deep elf magi
  A water moccasin (shapeshifter) (Vault:4)
  2 warg zombies
  2 two-headed ogre skeletons
  A basilisk skeleton (D:10)
  A black bear skeleton (Geh:1)
  5 boulder beetles
  3 eyes of draining
  A giant leech zombie (Geh:3)
  89 wights
  A felid zombie (Crypt:1)
  3 fire bats (Abyss)
  5 lava fish (Hell)
  11 jellyfish
  19 killer bees
  A demigod zombie (Crypt:2)
  2 felid skeletons
  2 big kobold skeletons
  A big kobold zombie (D:12)
  A deep dwarf zombie (Crypt:3)
  A dwarf zombie (Crypt:3)
  A mottled dragon zombie (Crypt:4)
  An ogre zombie (Crypt:2)
  A goliath beetle (D:16)
  A brain worm zombie (Crypt:1)
  20 electric eels
  6 lava snakes
  14 crimson imps
  12 shadows
  A dwarf skeleton (Crypt:3)
  An ogre skeleton (Crypt:3)
  24 big fish
  A hound zombie (Crypt:5)
  5 quasits
  12 iron imps (Abyss)
  8 worker ants
  14 orc priests
  9 hounds
  10 porcupines
  44 deep elf soldiers
  A hound skeleton (D:9)
  11 scorpions
  A naga skeleton (Crypt:2)
  30 orc wizards
  15 sheep
  An elf (shapeshifter) (D:19)
  3 iguanas
  6 orange rat zombies (Hell)
  7 orange rats
  2 orange rat skeletons
  A worm zombie (Crypt:1)
  2 steam dragon zombies
  10 jellies
  A steam dragon skeleton (Geh:3)
  2 goliath beetle zombies
  7 boggarts
  43 flying skulls
  41 adders
  An electric eel zombie (D:26)
  4 gnolls (D:5)
  7 lemures
  13 midges
  3 giant centipedes
  2 gnolls (shapeshifter)
  11 white imps
  39 green rats
  An iguana skeleton (D:22)
  A porcupine skeleton (Geh:1)
  2 shadow imps
  A giant mite (shapeshifter) (D:27)
  5 giant mites
  11 worms
  19 ufetubi
  6 grey rats
  2 bat skeletons
  6 giant eyeballs
  A gnoll zombie (Crypt:1)
  7 giant geckos
  A giant mite zombie (Crypt:3)
  2 gnoll skeletons
  10 oozes
  146 orcs
  3 ball pythons
  15 goblins
  29 hobgoblins
  28 jackals
  11 quokkas
  An ant larva zombie (Crypt:3)
  36 bats
  7 giant cockroaches
  2 giant cockroach zombies
  A giant gecko skeleton (D:4)
  9 giant newts
  3 giant spores
  A grey rat zombie (Crypt:3)
  A hobgoblin skeleton (Crypt:1)
  3 hobgoblin zombies
  2 jackal skeletons
  A killer bee larva zombie (Crypt:1)
  A kobold (shapeshifter) (Vault:8)
  20 kobolds
  3 kobold skeletons
  A kobold zombie (Crypt:3)
  6 orc zombies (D:23)
  2 quokka skeletons
  34 rats
  5 ballistomycetes
  4 crawling corpses
  An eldritch tentacle segment (Geh:2)
  5 fungi
  3 plants (Lair:8)
  85 toadstools
3963 creatures vanquished.

Vanquished Creatures (collateral kills)
  A fire giant (Vault:8)
  A deep elf death mage (Elf:5)
  2 vault guards (Vault:7)
  2 yaktaur captains
  A hydra (Swamp:4)
  A death yak (Lair:8)
  A centaur warrior (D:15)
  A skeletal warrior (Crypt:5)
  An ice statue (Port)
  A swamp dragon (Swamp:5)
  Joseph (D:10)
  2 orc knights
  A catoblepas zombie (Crypt:4)
  3 hill giants
  A cyclops (D:9)
  A spiny worm (D:21)
  An elephant slug (Lair:8)
  7 slime creatures
  A wolf spider (D:17)
  3 ugly things
  Psyche (D:11)
  A trapdoor spider (Lair:6)
  4 yaktaurs
  A spriggan skeleton (D:9)
  2 polar bears (D:12)
  A baby alligator zombie (Crypt:1)
  A two-headed ogre (D:9)
  7 blink frogs
  A grizzly bear (D:12)
  A swamp dragon zombie (Crypt:3)
  A basilisk (Lair:8)
  14 yaks
  A hog (D:12)
  A hungry ghost (Lab)
  2 ice beasts
  6 vampire mosquitoes
  6 war dogs
  A deep elf fighter (D:24)
  2 necrophages
  A jumping spider zombie (Crypt:3)
  A small abomination (Geh:2)
  A red devil (Geh:2)
  5 swamp worms
  A cyclops skeleton (Crypt:3)
  An ogre (D:6)
  2 orc warriors
  A giant goldfish zombie (D:9)
  2 centaurs
  2 giant goldfish (Lair:8)
  2 nagas (Lair:3)
  2 wargs
  2 water moccasins
  An agate snail (Lair:1)
  3 wights
  A lava fish (Hell)
  6 jellyfish
  A killer bee zombie (D:13)
  3 killer bees
  A brain worm zombie (D:12)
  5 crimson imps
  2 hounds
  A quasit (D:13)
  2 electric eels (D:13)
  2 orc priests
  An orc wizard (D:6)
  An iguana (Lair:3)
  A worker ant (D:7)
  An orange rat (Crypt:2)
  An orc zombie (D:23)
  3 sheep
  A swamp drake zombie (Crypt:5)
  A jelly (D:7)
  7 mummies
  An adder (Snake:4)
  2 flying skulls
  A giant centipede (Lair:3)
  8 green rats
  A white imp (D:7)
  A worm (D:6)
  An ufetubus (Abyss)
  A grey rat (Crypt:3)
  15 orcs
  8 bats
  2 goblins (Orc:3)
  2 jackals (Lair:5)
  A giant newt (D:6)
  A killer bee larva zombie (Crypt:5)
  A kobold (D:10)
  A quokka (Lair:1)
  3 rats
  3 fungi
  2 plants (Lair:8)
  3 toadstools
213 creatures vanquished.

Vanquished Creatures (others)
  A draconian knight (Zot:4)
  A yaktaur captain (Vault:8)
  An iron troll (D:26)
  A deep elf knight (Elf:5)
  A yaktaur (Vault:8)
  A spiny worm zombie (Vault:2)
  A naga mage (Vault:4)
  A komodo dragon (Zot:2)
  An ogre zombie (D:25)
  A two-headed ogre (Vault:2)
  A deep elf fighter (Elf:4)
  A necrophage (Geh:1)
  301 ice beasts
  2 small abominations
  A centaur (D:13)
  A naga (Vault:4)
  A swamp drake (Zot:2)
  An ogre (Vault:2)
  A water moccasin (Snake:1)
  A deep elf mage (Elf:5)
  A water moccasin skeleton (Geh:3)
  A wight (Geh:2)
  An orc wizard (D:13)
  3 deep elf soldiers
  An orange rat zombie (Hell)
  A mummy (Geh:1)
  2 adders
  An ufetubus (Elf:5)
  12 orcs
  A hobgoblin (D:4)
  A bat (D:8)
  4 giant spores (D:13)
  2 goblins
  A quokka (D:9)
  4 rats
  2 crawling corpses
  9 eldritch tentacle segments (Geh:2)
  6 fungi
  18 plants (Lair:8)
  457 toadstools
849 creatures vanquished.

Grand Total: 5025 creatures vanquished

Notes
Turn   | Place    | Note
--------------------------------------------------------------
     0 | D:1      | 1renicus, the Vampire Ice Elementalist, began the quest for the Orb.
     0 | D:1      | Reached XP level 1. HP: 13/13 MP: 4/4
   559 | D:1      | Reached XP level 2. HP: 16/19 MP: 1/5
  1170 | D:2      | Reached skill level 4 in Ice Magic
  1411 | D:2      | Reached XP level 3. HP: 24/24 MP: 4/7
  1416 | D:2      | Learned a level 3 spell: Ozocubu's Armour
  2985 | D:3      | Reached XP level 4. HP: 13/30 MP: 2/10
  4054 | D:4      | Reached skill level 5 in Ice Magic
  4375 | D:4      | Reached XP level 5. HP: 35/35 MP: 7/12
  4381 | D:4      | Learned a level 4 spell: Summon Ice Beast
  4724 | D:4      | Reached skill level 1 in Summonings
  5172 | D:4      | Found a glowing drain.
  5338 | D:5      | Entered Level 5 of the Dungeon
  5421 | D:5      | Reached XP level 6. HP: 29/41 MP: 0/15
  5811 | D:5      | Learned a level 4 spell: Throw Icicle
  6446 | D:6      | Reached skill level 5 in Summonings
  6453 | D:6      | Reached XP level 7. HP: 23/46 MP: 6/17
  6727 | D:6      | Reached skill level 1 in Evocations
  6753 | D:6      | Found a staircase to the Ecumenical Temple.
  6766 | D:6      | Got a fine falchion
  6767 | D:6      | Identified the falchion "Liesur" {freeze, -TELE rN+ Int+1} (You took it off an orc on level 6 of the Dungeon)
  6783 | D:6      | Found a shattered altar of Ashenzari.
  6786 | Temple   | Entered the Ecumenical Temple
  6895 | Temple   | Became a worshipper of Sif Muna the Loreminder
  6988 | D:6      | Reached skill level 6 in Summonings
  7369 | D:6      | Reached skill level 7 in Summonings
  7692 | D:6      | Found a staircase to the Orcish Mines.
  7816 | D:6      | Reached XP level 8. HP: 52/52 MP: 12/18
  7914 | D:6      | Acquired Sif Muna's first power
  7981 | D:6      | Reached skill level 1 in Conjurations
  8059 | D:6      | Got a pair of twisted boots
  8062 | D:6      | Identified the +1 pair of boots of Lifelessness (You found it on level 6 of the Dungeon)
  8104 | D:6      | Reached skill level 1 in Invocations
  9250 | D:7      | Found Feres' Assorted Antiques.
  9262 | D:7      | Gained mutation: You are partially covered in slimy green scales (AC +1).
  9283 | D:7      | Found a white marble altar of Elyvilon.
  9417 | D:7      | Noticed a hill giant
  9430 | D:7      | Killed a hill giant
  9430 | D:7      | Acquired Sif Muna's second power
  9430 | D:7      | Reached XP level 9. HP: 57/57 MP: 5/19
  9811 | D:8      | Noticed Pikel
  9822 | D:8      | Killed Pikel
  9842 | D:8      | Found a radiant altar of Vehumet.
  9853 | D:8      | Found a shimmering altar of Xom.
  9934 | D:8      | Found a shattered altar of Ashenzari.
 10121 | D:8      | Found a bloodstained altar of Trog.
 10298 | D:8      | Noticed Edmund
 10309 | D:8      | Killed Edmund
 10427 | D:8      | Found a basalt altar of Yredelemnul.
 10467 | D:8      | Found a snail-covered altar of Cheibriados.
 10658 | D:9      | Reached skill level 5 in Invocations
 10830 | D:9      | Reached XP level 10. HP: 24/63 MP: 2/21
 11342 | D:9      | Reached skill level 5 in Spellcasting
 11342 | D:9      | Reached skill level 8 in Ice Magic
 11475 | D:9      | Got an iridescent falchion
 11476 | D:9      | Identified the cursed falchion of Strumoic {speed, rF+} (You found it on level 9 of the Dungeon)
 11555 | D:9      | Paralysed by a giant eyeball for 3 turns
 11800 | D:9      | Acquired Sif Muna's third power
 11800 | D:9      | Reached skill level 5 in Conjurations
 11894 | D:9      | Found an ancient bone altar of Kikubaaqudgha.
 12048 | D:10     | Entered Level 10 of the Dungeon
 12291 | D:10     | Found a labyrinth entrance.
 12305 | Lab      | Entered a Labyrinth
 12320 | Lab      | Learned a level 2 spell: Blink
 13585 | Lab      | Reached skill level 9 in Ice Magic
 13636 | Lab      | Got a yellowed book
 13637 | Lab      | Got a heavily runed ring mail
 13686 | D:10     | Identified the +3 ring mail of Zuifyi (You found it in a Labyrinth)
 13699 | D:10     | Noticed Sonja
 13705 | D:10     | Killed Sonja
 13712 | D:10     | Found Qestraeni's Armour Boutique.
 13825 | D:10     | Noticed Joseph
 13884 | D:10     | Killed Joseph
 13884 | D:10     | Reached XP level 11. HP: 64/68 MP: 23/25
 14577 | D:11     | Noticed Psyche
 14581 | D:11     | Killed Psyche
 14796 | D:12     | Identified Pregopp's Reference Book on Excruciating Stolen Souls (You found it in a Labyrinth)
 14799 | D:12     | Learned a level 2 spell: Repel Missiles
 14910 | D:12     | Reached skill level 10 in Ice Magic
 15086 | D:12     | Received a gift from Sif Muna
 15087 | D:12     | Got a levitating book {god gift}
 15099 | D:12     | Reached skill level 1 in Translocations
 15144 | D:13     | Found a staircase to the Lair.
 15167 | D:13     | Noticed an agate snail
 15169 | D:13     | Noticed an agate snail
 15172 | D:13     | Noticed an agate snail
 15180 | Lair:1   | Entered Level 1 of the Lair of Beasts
 15286 | Lair:1   | Killed an agate snail
 15308 | Lair:1   | Killed an agate snail
 15317 | Lair:1   | Killed an agate snail
 15559 | D:13     | Reached skill level 1 in Charms
 15861 | Lair:1   | Noticed Maud
 16035 | Lair:1   | Identified Sif Muna's Handbook of Slavery and the Snowflakes {god gift} (Sif Muna gifted it to you on level 12 of the Dungeon)
 16039 | Lair:1   | Learned a level 3 spell: Abjuration
 16205 | Lair:1   | Killed Maud
 16895 | Lair:2   | Reached XP level 12. HP: 52/74 MP: 11/28
 17132 | Lair:2   | Reached skill level 1 in Air Magic
 17284 | Lair:3   | Found a staircase to the Snake Pit.
 17288 | Lair:3   | Received a gift from Sif Muna
 17672 | Lair:3   | Reached skill level 5 in Charms
 18124 | Lair:4   | Found a staircase to the Swamp.
 18806 | Lair:5   | Received a gift from Sif Muna
 18806 | Lair:5   | Reached skill level 10 in Conjurations
 18806 | Lair:5   | Reached XP level 13. HP: 79/79 MP: 28/29
 18835 | Lair:5   | Got a black book {god gift}
 18838 | Lair:5   | Identified Sif Muna's Incunabulum of Weightlessness and Aid {god gift} (Sif Muna gifted it to you on level 5 of the Lair of Beasts)
 18848 | Lair:5   | Learned a level 6 spell: Deflect Missiles
 18989 | Lair:5   | Learned a level 3 spell: Flight
 19039 | Lair:6   | Received a gift from Sif Muna
 19040 | Lair:6   | Got a colourful book {god gift}
 19041 | Lair:6   | Identified Truipsy's Tome of Battle Magic {god gift} (Sif Muna gifted it to you on level 6 of the Lair of Beasts)
 19058 | Lair:6   | Learned a level 7 spell: Orb of Destruction
 19108 | Lair:6   | Found a staircase to the Slime Pits.
 19123 | Lair:6   | Reached skill level 5 in Air Magic
 19582 | Lair:6   | Reached skill level 11 in Conjurations
 19656 | Lair:6   | Noticed a trapdoor spider
 19664 | Lair:6   | Killed a trapdoor spider
 21298 | Lair:8   | Entered Level 8 of the Lair of Beasts
 21325 | Lair:8   | Reached skill level 12 in Conjurations
 21652 | Lair:8   | Received a gift from Sif Muna
 21659 | Lair:8   | Got a levitating book {god gift}
 21701 | Lair:8   | Identified Guomukov's Guide on Companions {god gift} (Sif Muna gifted it to you on level 8 of the Lair of Beasts)
 21834 | Lair:8   | Reached XP level 14. HP: 85/85 MP: 16/30
 22100 | Lair:8   | Reached skill level 13 in Conjurations
 22605 | Lair:8   | Received a gift from Sif Muna
 22606 | Lair:8   | Got a yellowed book {god gift}
 23069 | Lair:8   | Reached skill level 14 in Conjurations
 23101 | Lair:8   | Identified Sif Muna's Disquisition on Congealing Confrontation {god gift} (Sif Muna gifted it to you on level 8 of the Lair of Beasts)
 23211 | Lair:8   | Found a frozen archway.
 23223 | IceCv    | Entered an ice cave
 23257 | IceCv    | Learned a level 6 spell: Freezing Cloud
 24360 | Lair:8   | Received a gift from Sif Muna
 24362 | Lair:8   | Got a blackened book {god gift}
 24367 | Lair:8   | Reached skill level 10 in Spellcasting
 24517 | Lair:8   | Identified Sif Muna's Almanac of Illusion {god gift} (Sif Muna gifted it to you on level 8 of the Lair of Beasts)
 25519 | D:13     | Learned a level 6 spell: Deflect Missiles
 25722 | D:14     | Entered Level 14 of the Dungeon
 25746 | D:14     | Received a gift from Sif Muna
 25753 | D:14     | Got an antique book {god gift}
 25754 | D:14     | Identified Sif Muna's Almanac of Air and Attacks {god gift} (Sif Muna gifted it to you on level 14 of the Dungeon)
 25872 | D:14     | Reached XP level 15. HP: 90/90 MP: 5/33
 26590 | D:12     | Found Wiaxijix's Food Boutique.
 27650 | D:14     | Received a gift from Sif Muna
 27916 | D:15     | Entered Level 15 of the Dungeon
 28785 | D:12     | Learned a level 2 spell: Blink
 29123 | Orc:1    | Entered Level 1 of the Orcish Mines
 29201 | Orc:1    | Found an iron altar of Okawaru.
 29651 | Orc:3    | Found Skauj's Weapon Emporium.
 29664 | Orc:3    | Found a staircase to the Elven Halls.
 29966 | Orc:4    | Entered Level 4 of the Orcish Mines
 30177 | Orc:4    | Found a roughly hewn altar of Beogh.
 30434 | Orc:4    | Found Bregiw's Magic Scroll Shoppe.
 30479 | Orc:4    | Found Gapad Jou's Armour Shop.
 30595 | Orc:4    | Found Asaquagu's Jewellery Shop.
 30759 | Orc:4    | Found Pniuqut's Jewellery Shop.
 30779 | Orc:4    | Found Blashranu's Antique Weapon Shoppe.
 31368 | Swamp:1  | Entered Level 1 of the Swamp
 31469 | Swamp:1  | Received a gift from Sif Muna
 31470 | Swamp:1  | Got an antique book {god gift}
 31472 | Swamp:1  | Identified Sif Muna's Almanac of Cold and Attacks {god gift} (Sif Muna gifted it to you on level 1 of the Swamp)
 32189 | Swamp:2  | Reached skill level 10 in Invocations
 32548 | Swamp:3  | Reached XP level 16. HP: 96/96 MP: 18/36
 33915 | Swamp:5  | Entered Level 5 of the Swamp
 34001 | Swamp:5  | Noticed Yermak's ghost (mighty SpAK)
 34022 | Swamp:5  | Killed Yermak's ghost
 34172 | Swamp:5  | Learned a level 6 spell: Mass Abjuration
 34185 | Swamp:5  | Received a gift from Sif Muna
 34186 | Swamp:5  | Got a graven book {god gift}
 34187 | Swamp:5  | Identified Sif Muna's Incunabulum of Fiery Confrontation {god gift} (Sif Muna gifted it to you on level 5 of the Swamp)
 34237 | Swamp:5  | Got a decaying rune of Zot
 35500 | Swamp:3  | Noticed Wiglaf
 35504 | Swamp:3  | Killed Wiglaf
 36035 | Orc:4    | Bought a +0 elven buckler for 38 gold pieces
 36077 | Elf:1    | Entered Level 1 of the Elven Halls
 36237 | Elf:1    | Reached skill level 15 in Spellcasting
 37000 | Elf:1    | Found Puybiymp's Assorted Antiques.
 37011 | Elf:1    | Bought a warped cloak for 150 gold pieces
 37012 | Elf:1    | Identified the cursed -4 cloak of Feasting (You bought it in a shop on level 1 of the Elven Halls)
 37023 | Elf:1    | Got a brightly glowing mace
 37024 | Elf:1    | Identified the +5,+5 mace of Brilliance (You found it on level 1 of the Elven Halls)
 37741 | Elf:2    | Reached skill level 1 in Shields
 38353 | Elf:2    | Noticed Maurice
 38356 | Elf:2    | Killed Maurice
 38885 | Elf:3    | Reached XP level 17. HP: 99/101 MP: 13/37
 39052 | Elf:3    | Found a shimmering altar of Xom.
 40071 | Elf:4    | Noticed Urug
 40076 | Elf:4    | Killed Urug
 40458 | Elf:5    | Entered Level 5 of the Elven Halls
 40602 | Elf:5    | Received a gift from Sif Muna
 40603 | Elf:5    | Got a sparkling book {god gift}
 40605 | Elf:5    | Identified Deosik's Handbook of Lightness {god gift} (Sif Muna gifted it to you on level 5 of the Elven Halls)
 42145 | Elf:5    | Noticed a deep elf blademaster
 42155 | Elf:5    | Killed a deep elf blademaster
 42501 | Elf:5    | Got an uncursed purple glaive
 42507 | Elf:5    | Identified the +4,+12 Glaive of Prune (You took it off a deep elf demonologist on level 5 of the Elven Halls)
 42573 | Elf:5    | Noticed a deep elf blademaster
 42594 | Elf:5    | Noticed a deep elf master archer
 42601 | Elf:5    | Killed a deep elf master archer
 42879 | Elf:5    | Received a gift from Sif Muna
 42884 | Elf:5    | Got a blackened book {god gift}
 42887 | Elf:5    | Got a faintly glowing hand axe
 42911 | Elf:5    | Reached skill level 15 in Conjurations
 42920 | Elf:5    | Killed a deep elf blademaster
 42921 | Elf:5    | Noticed a deep elf master archer
 42925 | Elf:5    | Killed a deep elf master archer
 42950 | Elf:5    | Reached XP level 18. HP: 74/107 MP: 9/38
 42952 | Elf:5    | Identified the cursed -3,-2 hand axe "Acuwkiat" (You took it off a deep elf demonologist on level 5 of the Elven Halls)
 43263 | Elf:5    | Got a fine trident
 43274 | Elf:5    | Identified the +9,+0 trident of the Turnip (You found it on level 5 of the Elven Halls)
 43282 | Elf:5    | Identified Daemiq Elaol's Incunabulum of Enhancements and the Birds {god gift} (Sif Muna gifted it to you on level 5 of the Elven Halls)
 43374 | Elf:5    | Got a black ring
 43379 | Elf:5    | Got a transparent robe
 43413 | Elf:5    | Got a pitted bronze ring
 43421 | Elf:5    | Got a yellowed book
 43454 | Elf:5    | Identified the cursed -4 robe "Thekear" (You found it on level 5 of the Elven Halls)
 43479 | Elf:5    | Identified the Guide on Sinister Good Luck (You found it on level 5 of the Elven Halls)
 43498 | Elf:5    | Learned a level 4 spell: Insulation
 44110 | Elf:4    | Noticed Nessos
 44115 | Elf:4    | Killed Nessos
 44124 | Elf:4    | Noticed Grum
 44129 | Elf:4    | Killed Grum
 44168 | Elf:4    | Identified the ring "Thrusk" (You found it on level 5 of the Elven Halls)
 44168 | Elf:4    | Identified the ring of Shadows {+Inv EV+4} (You found it on level 5 of the Elven Halls)
 44746 | Orc:4    | Bought a scroll of identify for 20 gold pieces
 44746 | Orc:4    | Bought a scroll of identify for 20 gold pieces
 44746 | Orc:4    | Bought a scroll of identify for 20 gold pieces
 44746 | Orc:4    | Bought a scroll of identify for 20 gold pieces
 45541 | D:16     | Noticed Toffiqs' ghost (powerful SpWz)
 45542 | D:16     | Killed Toffiqs' ghost
 46894 | D:17     | Received a gift from Sif Muna
 46900 | D:17     | Got a sparkling book {god gift}
 46901 | D:17     | Identified Sif Muna's Volume of the Rocks {god gift} (Sif Muna gifted it to you on level 17 of the Dungeon)
 47280 | D:17     | Noticed Roxanne
 47297 | D:17     | Killed Roxanne
 47316 | D:17     | Got a graven book
 47317 | D:17     | Identified Roxanne's Volume of Ashen Transmutation (You took it off Roxanne on level 17 of the Dungeon)
 47390 | D:17     | Noticed a guardian serpent
 47394 | D:17     | Killed a guardian serpent
 48357 | D:18     | Got a pitted cloak
 48487 | D:18     | Identified the +0 cloak "Twereof" (You found it on level 18 of the Dungeon)
 48759 | D:19     | Noticed Louise
 49101 | D:19     | Killed Louise
 49134 | D:19     | Reached skill level 16 in Spellcasting
 49134 | D:19     | Reached XP level 19. HP: 112/112 MP: 5/39
 49134 | D:19     | Received a gift from Sif Muna
 49169 | D:19     | Found a staircase to the Vaults.
 49801 | D:20     | Entered Level 20 of the Dungeon
 49840 | D:20     | Found a bloodstained altar of Trog.
 50359 | D:20     | Noticed a titan
 50363 | D:20     | Noticed a shadow dragon
 50372 | D:20     | Killed a titan
 50559 | D:20     | Killed a shadow dragon
 50900 | D:20     | Found Klelega's Jewellery Shop.
 51344 | D:21     | Noticed Agnes
 51347 | D:21     | Killed Agnes
 51568 | D:21     | Received a gift from Sif Muna
 51569 | D:21     | Got a torn book {god gift}
 51801 | D:21     | Found a gateway to Hell.
 51802 | D:21     | Found a one-way gate leading to the halls of Pandemonium.
 51812 | D:21     | Identified Roz Tegg's Grimoire of Blistering Conjuration {god gift} (Sif Muna gifted it to you on level 21 of the Dungeon)
 51820 | D:21     | Learned a level 6 spell: Haste
 52709 | D:22     | Found a glowing silver altar of Zin.
 52767 | D:22     | Got a smoking morningstar
 52768 | D:22     | Identified the +6,+5 morningstar "Ziatz" (You found it on level 22 of the Dungeon)
 52800 | D:22     | Reached skill level 17 in Spellcasting
 53551 | D:22     | Reached XP level 20. HP: 86/118 MP: 26/40
 54013 | D:22     | Received a gift from Sif Muna
 54020 | D:22     | Got a torn book {god gift}
 54021 | D:22     | Identified Sif Muna's Compendium of Creative Confrontation {god gift} (Sif Muna gifted it to you on level 22 of the Dungeon)
 54958 | Vault:1  | Entered Level 1 of the Vaults
 55068 | Vault:1  | Found Lumoucka's General Store.
 55953 | Vault:2  | Reached skill level 15 in Ice Magic
 56489 | Vault:2  | Received a gift from Sif Muna
 56490 | Vault:2  | Got a glistering book {god gift}
 56960 | Vault:2  | Identified Sif Muna's Collected Works on the Entrancing Voyage {god gift} (Sif Muna gifted it to you on level 2 of the Vaults)
 56977 | Vault:2  | Reached skill level 18 in Spellcasting
 57319 | Vault:2  | Identified a scroll of acquirement
 57522 | Vault:2  | Noticed a vapour
 58146 | Vault:3  | Received a gift from Sif Muna
 58147 | Vault:3  | Got an engraved book {god gift}
 58148 | Vault:3  | Reached XP level 21. HP: 114/123 MP: 20/41
 58248 | Vault:3  | Identified Sif Muna's Further Steps in the Arcane Arts {god gift} (Sif Muna gifted it to you on level 3 of the Vaults)
 58273 | Vault:3  | Noticed a deep elf mage
 58276 | Vault:3  | Killed a deep elf mage
 58738 | Vault:4  | Noticed Frances
 58745 | Vault:4  | Killed Frances
 59021 | Vault:4  | Found a staircase to the Crypt.
 59738 | Vault:4  | Found Odueror's Armour Shoppe.
 60252 | Vault:4  | Killed a naga mage
 60340 | Vault:5  | Received a gift from Sif Muna
 60891 | Vault:5  | Found a portal to a secret trove of treasure.
 61476 | Vault:5  | You fall through a shaft!
 61626 | Vault:7  | Found an iron altar of Okawaru.
 61672 | Vault:7  | Found a deep blue altar of Sif Muna.
 62549 | Vault:7  | Received a gift from Sif Muna
 62551 | Vault:7  | Got a graven book {god gift}
 62555 | Vault:7  | Identified Plog's Grimoire of Congealing Conjuration {god gift} (Sif Muna gifted it to you on level 7 of the Vaults)
 62563 | Vault:7  | Learned a level 6 spell: Bolt of Cold
 62646 | Vault:7  | Reached XP level 22. HP: 88/129 MP: 7/42
 63462 | Vault:8  | Entered Level 8 of the Vaults
 63466 | Vault:8  | Noticed a deep elf high priest
 64240 | Vault:8  | Killed a deep elf high priest
 65074 | Vault:7  | Received a gift from Sif Muna
 65075 | Vault:7  | Got a levitating book {god gift}
 65076 | Vault:7  | Identified Sif Muna's Tome of Poisoning {god gift} (Sif Muna gifted it to you on level 7 of the Vaults)
 65644 | Vault:8  | Reached skill level 19 in Ice Magic
 66752 | Vault:6  | Got a blackened book
 66753 | Vault:6  | Identified Lehudib's Catalogue of Combat Magic (You found it on level 6 of the Vaults)
 66848 | Vault:6  | Found a staircase to the Hall of Blades.
 67262 | Vault:5  | Received a gift from Sif Muna
 67263 | Vault:5  | Got a droning book {god gift}
 67264 | Vault:5  | Identified Cigotuvi's Incunabulum of Black Arts {god gift} (Sif Muna gifted it to you on level 5 of the Vaults)
 68239 | Vault:8  | Reached skill level 20 in Ice Magic
 68288 | Vault:8  | Got an uncursed dazzling scimitar
 68289 | Vault:8  | Identified the +3,+7 scimitar of Sayculu (You took it off a yaktaur captain on level 8 of the Vaults)
 68381 | Vault:8  | Reached XP level 23. HP: 117/134 MP: 30/43
 68392 | Vault:8  | Learned a level 5 spell: Dispel Undead
 68510 | Vault:8  | Reached skill level 1 in Necromancy
 68574 | Vault:8  | Noticed a bone dragon
 68788 | Vault:8  | Noticed a quicksilver dragon
 68788 | Vault:8  | Killed a bone dragon
 68789 | Vault:8  | a quicksilver dragon changed into an acid blob
 68812 | Vault:8  | Noticed a quicksilver dragon
 68812 | Vault:8  | a shadow dragon changed into a quicksilver dragon
 68813 | Vault:8  | a quicksilver dragon changed into a fire giant
 68816 | Vault:8  | Noticed a quicksilver dragon
 68816 | Vault:8  | a fire giant changed into a quicksilver dragon
 68819 | Vault:8  | Killed a quicksilver dragon
 68819 | Vault:8  | Reached skill level 5 in Necromancy
 68963 | Vault:8  | Received a gift from Sif Muna
 68964 | Vault:8  | Got a rare book {god gift}
 68965 | Vault:8  | Identified Sif Muna's Handbook of the Damaging Birds {god gift} (Sif Muna gifted it to you on level 8 of the Vaults)
 69342 | Vault:8  | Got a fine long sword
 69343 | Vault:8  | Identified the +0,+6 long sword "Hoxougeu" (You took it off a vault guard on level 8 of the Vaults)
 69881 | Vault:8  | Noticed a deep elf demonologist
 69884 | Vault:8  | Killed a deep elf demonologist
 69943 | Vault:8  | Got a torn book
 69944 | Vault:8  | Identified the Papyrus of Igneous Confrontation (You found it on level 8 of the Vaults)
 69956 | Vault:8  | Noticed a shining eye
 69958 | Vault:8  | Killed a shining eye
 70018 | Vault:8  | Got a steaming war axe
 70019 | Vault:8  | Identified the cursed -2,-4 war axe of the Solstice (You found it on level 8 of the Vaults)
 70103 | Vault:8  | Noticed a shining eye
 70103 | Vault:8  | a giant orange brain changed into a shining eye
 70105 | Vault:8  | Killed a shining eye
 71377 | Vault:8  | Noticed a deep elf annihilator
 71382 | Vault:8  | Killed a deep elf annihilator
 72654 | Vault:8  | Reached XP level 24. HP: 127/140 MP: 33/44
 72790 | Vault:8  | Noticed a quicksilver dragon
 72794 | Vault:8  | Killed a quicksilver dragon
 72856 | Vault:8  | Got a silver rune of Zot
 73530 | Vault:7  | Received a gift from Sif Muna
 73531 | Vault:7  | Got a colourful book {god gift}
 73532 | Vault:7  | Identified Sif Muna's Catalogue of Displacement {god gift} (Sif Muna gifted it to you on level 7 of the Vaults)
 74047 | Vault:8  | Got a jewelled bow
 74048 | Vault:8  | Identified the cursed +6,+6 bow "Dawemul" (You found it on level 8 of the Vaults)
 74182 | Vault:8  | Reached skill level 15 in Invocations
 74244 | Vault:8  | Got a pitted glass ring
 74252 | Vault:8  | Identified the ring "Gucziong" (You found it on level 8 of the Vaults)
 74263 | Vault:8  | Got a great shimmering mace
 74264 | Vault:8  | Identified the -1,+5 Mace of Variability (You found it on level 8 of the Vaults)
 74646 | Vault:8  | Noticed a quicksilver dragon
 74653 | Vault:8  | Killed a quicksilver dragon
 74658 | Vault:8  | Noticed a quicksilver dragon
 74659 | Vault:8  | Killed a quicksilver dragon
 75102 | Crypt:1  | Entered Level 1 of the Crypt
 77265 | Crypt:2  | Reached skill level 21 in Ice Magic
 79826 | D:23     | Found a one-way gate to the infinite horrors of the Abyss.
 80052 | D:23     | Received a gift from Sif Muna
 80054 | D:23     | Got a yellowed book {god gift}
 80055 | D:23     | Identified Sif Muna's Incunabulum of Hexes {god gift} (Sif Muna gifted it to you on level 23 of the Dungeon)
 80468 | D:24     | Reached XP level 25. HP: 139/145 MP: 40/44
 80507 | D:24     | Reached skill level 22 in Ice Magic
 83014 | Crypt:3  | Received a gift from Sif Muna
 83093 | Crypt:3  | Got a levitating book {god gift}
 83136 | Crypt:3  | Noticed Boris
 83144 | Crypt:3  | Killed Boris
 83182 | Crypt:3  | Found a staircase to the Tomb.
 83556 | Crypt:3  | Identified Lehudib's Catalogue of Attacks {god gift} (Sif Muna gifted it to you on level 3 of the Crypt)
 83567 | Crypt:3  | Learned a level 9 spell: Ice Storm
 83990 | Crypt:4  | Reached skill level 5 in Evocations
 86340 | Vault:4  | Noticed a vapour
 86353 | Vault:4  | Killed a vapour
 86583 | Crypt:5  | Entered Level 5 of the Crypt
 87387 | Crypt:5  | Noticed a lich
 87392 | Crypt:5  | Killed a lich
 87451 | Crypt:5  | Noticed a lich
 87455 | Crypt:5  | Killed a lich
 87458 | Crypt:5  | Noticed an ancient lich
 87463 | Crypt:5  | Killed an ancient lich
 87463 | Crypt:5  | Reached XP level 26. HP: 151/151 MP: 10/45
 87463 | Crypt:5  | Reached skill level 10 in Evocations
 87546 | Crypt:5  | Found an ancient bone altar of Kikubaaqudgha.
 87640 | Crypt:5  | Got a crude hammer
 87641 | Crypt:5  | Identified the cursed -1,-4 hammer of Starshine (You found it on level 5 of the Crypt)
 88760 | Snake:1  | Entered Level 1 of the Snake Pit
 88952 | Snake:1  | Found a glowing golden altar of the Shining One.
 90085 | Snake:3  | Noticed moocowmoocow's ghost (mighty KoBe)
 90088 | Snake:3  | Killed moocowmoocow's ghost
 91341 | Snake:5  | Entered Level 5 of the Snake Pit
 91527 | Snake:5  | Noticed Mara
 91531 | Snake:5  | Killed Mara
 91603 | Snake:5  | Noticed Mennas
 91606 | Snake:5  | Killed Mennas
 91874 | Snake:5  | Noticed Xtahua
 91878 | Snake:5  | Killed Xtahua
 91947 | Snake:5  | Got a serpentine rune of Zot
 92515 | Slime:1  | Entered Level 1 of the Pits of Slime
 92598 | Slime:1  | Reached skill level 15 in Evocations
 92854 | Slime:2  | Found an iron altar of Okawaru.
 92932 | Slime:2  | You fall through a shaft!
 93257 | Slime:5  | Reached XP level 27. HP: 137/156 MP: 43/45
 93772 | Slime:6  | Entered Level 6 of the Pits of Slime
 93870 | Slime:6  | Noticed the royal jelly
 93873 | Slime:6  | Killed the royal jelly
 93957 | Slime:6  | Got a slimy wooden ring
 93963 | Slime:6  | Got an antique book
 93964 | Slime:6  | Identified Stabecs' Tome of Ashen Hexes (You found it on level 6 of the Pits of Slime)
 93971 | Slime:6  | Got a pair of pitted boots
 93975 | Slime:6  | Identified the +0 pair of boots of Hadjma (You found it on level 6 of the Pits of Slime)
 93976 | Slime:6  | Identified the cursed ring "Psueg" (You found it on level 6 of the Pits of Slime)
 94001 | Slime:6  | Learned a level 3 spell: Regeneration
 94091 | Slime:6  | Got a torn book
 94093 | Slime:6  | Got a droning book
 94156 | Slime:6  | Got a slimy rune of Zot
 94169 | Slime:6  | Identified the Guide on Transmutation and the Frostbite (You found it on level 6 of the Pits of Slime)
 94170 | Slime:6  | Identified Imefink's Handbook of Transmutation (You found it on level 6 of the Pits of Slime)
 95506 | D:24     | Received a gift from Sif Muna
 95507 | D:24     | Got a yellowed book {god gift}
 95508 | D:24     | Identified Sif Muna's Tome of Supportive Evil Secrets {god gift} (Sif Muna gifted it to you on level 24 of the Dungeon)
 95911 | Abyss    | Entered The Abyss
 95911 | Abyss    | Found a corrupted altar of Lugonu.
 96062 | Abyss    | Noticed a great orb of eyes
 96065 | Abyss    | Killed a great orb of eyes
 96105 | Abyss    | Noticed a shadow demon
 96109 | Abyss    | Noticed a pale draconian
 96110 | Abyss    | Killed a shadow demon
 96110 | Abyss    | Killed a pale draconian
 96275 | Abyss    | Got a slimy trident
 96276 | Abyss    | Identified the +8,+2 trident of Afushik (You found it in the Abyss)
 96697 | Abyss    | Noticed an eidolon
 96699 | Abyss    | Killed an eidolon
 96842 | Abyss    | Found a corrupted altar of Lugonu.
 96852 | Abyss    | Noticed a red ugly thing
 96854 | Abyss    | Killed a red ugly thing
 96858 | Abyss    | Noticed a red ugly thing
 96859 | Abyss    | Noticed a red ugly thing
 96860 | Abyss    | Killed a red ugly thing
 96860 | Abyss    | Killed a red ugly thing
 96862 | Abyss    | Noticed a red ugly thing
 96864 | Abyss    | Killed a red ugly thing
 96874 | Abyss    | Found a corrupted altar of Lugonu.
 96880 | Abyss    | Noticed a phantasmal warrior
 96895 | Abyss    | Killed a phantasmal warrior
 96916 | Abyss    | Noticed an angel
 97014 | Abyss    | Noticed an eidolon
 97020 | Abyss    | Killed an eidolon
 97302 | Abyss    | Got an abyssal rune of Zot
 97323 | Abyss    | Noticed a wizard
 97323 | Abyss    | Killed a wizard
 97417 | Abyss    | Noticed a grey draconian
 97419 | Abyss    | Killed a grey draconian
 97456 | Abyss    | Noticed a cyclops simulacrum
 97464 | Abyss    | Killed a cyclops simulacrum
 97658 | Abyss    | Noticed a white ugly thing
 97660 | Abyss    | Killed a red ugly thing
 97661 | Abyss    | Noticed a white ugly thing
 97661 | Abyss    | Noticed a white ugly thing
 97662 | Abyss    | Killed a white ugly thing
 97662 | Abyss    | Killed a white ugly thing
 97693 | D:23     | You pass through the gate.
100012 | D:25     | Entered Level 25 of the Dungeon
100021 | D:25     | Found Scheot's Antique Weapon Emporium.
100060 | D:25     | Reached skill level 1 in Fighting
100133 | D:25     | Bought a faintly glowing whip for 285 gold pieces
100134 | D:25     | Identified the +4,+3 whip "Schojos" (You bought it in a shop on level 25 of the Dungeon)
100433 | D:25     | Received a gift from Sif Muna
100448 | D:25     | Noticed Boris
100452 | D:25     | Killed Boris
100544 | D:25     | Got an antique book {god gift}
100545 | D:25     | Identified Dispater's Tome of Attacks {god gift} (Sif Muna gifted it to you on level 25 of the Dungeon)
101470 | D:26     | Noticed a runed orcish scimitar
101473 | D:26     | Killed a runed orcish scimitar
101764 | D:26     | Found a deep blue altar of Sif Muna.
102298 | D:26     | Got an encrusted sabre
102299 | D:26     | Identified the +6,+3 sabre "Ox" (You found it on level 26 of the Dungeon)
102323 | D:26     | Reached skill level 5 in Shields
102357 | D:26     | Reached skill level 5 in Fighting
102628 | D:26     | Noticed a pulsating lump
102628 | D:26     | a rock troll changed into a pulsating lump
102629 | D:26     | a pulsating lump changed into an anaconda
103089 | Hell     | Entered the Vestibule of Hell
103089 | Hell     | Noticed Geryon
103358 | Hell     | Received a gift from Sif Muna
103549 | Hell     | Killed Geryon
103837 | Hell     | Got a droning book {god gift}
103838 | Hell     | Identified Sif Muna's Disquisition on Summoning {god gift} (Sif Muna gifted it to you in the Vestibule of Hell)
104304 | Geh:1    | Entered Level 1 of Gehenna
105200 | Geh:3    | Noticed a Brimstone Fiend
105204 | Geh:3    | Killed a Brimstone Fiend
105372 | Geh:3    | Received a gift from Sif Muna
105380 | Geh:3    | Noticed a Brimstone Fiend
105382 | Geh:3    | Killed a Brimstone Fiend
105741 | Geh:5    | Noticed a Brimstone Fiend
105742 | Geh:5    | Killed a Brimstone Fiend
105803 | Geh:7    | Entered Level 7 of Gehenna
105803 | Geh:7    | Noticed an efreet
106740 | D:27     | Entered Level 27 of the Dungeon
106983 | Geh:1    | Noticed a Brimstone Fiend
106984 | Geh:1    | Killed a Brimstone Fiend
107043 | Geh:1    | Noticed a Brimstone Fiend
107046 | Geh:1    | Killed a Brimstone Fiend
107103 | Geh:1    | Noticed a Brimstone Fiend
107105 | Geh:1    | Killed a Brimstone Fiend
107105 | Geh:1    | Reached skill level 10 in Fighting
107123 | Geh:1    | Noticed a Brimstone Fiend
107126 | Geh:1    | Killed a Brimstone Fiend
107321 | Geh:3    | Noticed a Brimstone Fiend
107322 | Geh:3    | Killed a Brimstone Fiend
107448 | Geh:7    | Killed an efreet
107539 | Geh:7    | Noticed a Brimstone Fiend
107599 | Geh:7    | Noticed a Brimstone Fiend
107601 | Geh:7    | Killed a Brimstone Fiend
107674 | Geh:7    | Noticed an efreet
107704 | Geh:7    | Killed an efreet
107741 | Geh:7    | Noticed the Serpent of Hell
107748 | Geh:7    | Killed the Serpent of Hell
107833 | Geh:7    | Killed a Brimstone Fiend
107833 | Geh:7    | Received a gift from Sif Muna
108454 | D:27     | Noticed a golden dragon
108455 | D:27     | Killed a golden dragon
108457 | D:27     | Noticed a golden dragon
108521 | D:27     | Killed a golden dragon
109088 | D:27     | Noticed a pulsating lump
109088 | D:27     | a merfolk changed into a pulsating lump
109089 | D:27     | a pulsating lump changed into a merfolk
109282 | D:27     | Noticed a golden dragon
109322 | D:27     | Killed a golden dragon
109425 | D:27     | Got a faintly glowing plate armour
109440 | D:27     | Identified the +5 plate armour "Qoloxef" (You found it on level 27 of the Dungeon)
109467 | D:27     | Identified a +2 rod of destruction [fire] (10/10) (You found it on level 27 of the Dungeon)
109671 | D:25     | Noticed Margery
111256 | Zot:1    | Entered Level 1 of the Realm of Zot
111286 | Zot:1    | Received a gift from Sif Muna
111309 | Zot:1    | Got a blackened book {god gift}
111311 | Zot:1    | Identified Sif Muna's Almanac of Transmigration {god gift} (Sif Muna gifted it to you on level 1 of the Realm of Zot)
112984 | Zot:5    | Entered Level 5 of the Realm of Zot
113271 | Zot:5    | Reached skill level 15 in Fighting
113633 | Zot:5    | Reached skill level 23 in Ice Magic
113633 | Zot:5    | Received a gift from Sif Muna
113683 | Zot:5    | Noticed an orb of fire
113686 | Zot:5    | Killed an orb of fire
113709 | Zot:5    | Noticed an ancient lich
113715 | Zot:5    | Killed an ancient lich
113775 | Zot:5    | Noticed an orb of fire
113787 | Zot:5    | Killed an orb of fire
113794 | Zot:5    | Noticed an ancient lich
113798 | Zot:5    | Killed an ancient lich
114109 | Zot:5    | Received a gift from Sif Muna
114134 | Zot:5    | Noticed an orb of fire
114141 | Zot:5    | Killed an orb of fire
114158 | Zot:5    | Noticed an orb of fire
114165 | Zot:5    | Killed an orb of fire
114165 | Zot:5    | Reached skill level 24 in Ice Magic
114201 | Zot:5    | Got the Orb of Zot
114213 | Zot:5    | Noticed Teuvvo Stryo the pandemonium lord
114217 | Zot:5    | Killed Teuvvo Stryo the pandemonium lord
114731 | D:21     | Noticed Chad the pandemonium lord
115332 | D:$      | Escaped with the Orb!
